 Dungeon Crawl Stone Soup version 0.18.1-50-g88ac8fd (webtiles) character file.

11440 Amnesiac the Pioneer (level 11, -8/61 HPs)
             Began as a Deep Elf Fighter on Mar 2, 2018.
             Was an Elder of Pakellas.
             Mangled by Urug
             ... wielding a +1 battleaxe of freezing
              (21 damage)
             ... on level 11 of the Dungeon.
             The game lasted 00:28:41 (13322 turns).

Amnesiac the Pioneer (Deep Elf Fighter)            Turns: 13322, Time: 00:28:42

Health: -8/61      AC: 15    Str: 16    XL:     11   Next: 49%
Magic:  12/32      EV: 21    Int: 14    God:    Pakellas [****..]
Gold:   232        SH:  6    Dex: 14    Spells: 4 memorised, 0 levels left

rFire  . . .     SeeInvis .     H - +10 quick blade
rCold  . . .     Gourm    .     h - +3 leather armour of the Louse {MP+9 Stlth+}
rNeg   . . .     Faith    .     w - +1 buckler
rPois  .         Spirit   .     v - +0 helmet
rElec  +         Dismiss  .     j - +2 cloak
rCorr  .         Reflect  .     n - +0 pair of gloves
SustAt .         Harm     .     B - +0 pair of boots
MR     +....                    (no amulet)
Stlth  +++.......               C - +5 ring of evasion
                                E - +3 ring of evasion

@: somewhat resistant to hostile enchantments, fairly stealthy
A: yellow scales 1, electricity resistance, wild magic 1
a: Quick Charge, Device Surge, Renounce Religion


You were on level 11 of the Dungeon.
You worshipped Pakellas.
Pakellas was greatly pleased with you.
You were not hungry.

You visited 2 branches of the dungeon, and saw 12 of its levels.

You collected 652 gold pieces.
You spent 420 gold pieces at shops.

Inventory:

Hand Weapons
 x - a +0 blowgun
 H - a +10 quick blade (weapon)
Missiles
 i - 90 poisoned needles
Armour
 h - the +3 leather armour of the Louse (worn) {MP+9 Stlth+}
   (You found it on level 5 of the Dungeon)

   It affects your magic capacity (+9).
   It makes you more stealthy.
 j - a +2 cloak (worn)
 n - a +0 pair of gloves (worn)
 v - a +0 helmet (worn)
 w - a +1 buckler (worn)
 B - a +0 pair of boots (worn)
Jewellery
 u - an uncursed ring of sustain attributes
 C - a +5 ring of evasion (right hand)
 E - a +3 ring of evasion (left hand)
Wands
 a - a wand of acid (5/15)
 c - a wand of flame (33/48)
 r - a wand of slowing (17/48)
 F - a wand of digging (11/24)
 O - a wand of flame (25/48)
 Q - a wand of iceblast (0/15)
Scrolls
 e - 3 scrolls of amnesia {!r}
 l - a scroll of fog {!r}
 s - 3 scrolls of magic mapping {!r}
 t - a scroll of teleportation {!r}
 y - 4 scrolls of remove curse {!r}
 A - 2 scrolls of identify {!r}
 G - 2 scrolls of enchant armour {!r}
 P - a scroll of recharging {!r}
Potions
 b - a potion of lignification {!q}
 d - 3 potions of might {!q}
 m - a potion of flight {!q}
 o - 2 potions of mutation {!q}
 p - 3 potions of curing {!q}
 q - a potion of cancellation {!q}
 K - a potion of beneficial mutation {!q}
 L - a potion of haste {!q}
 N - a potion of magic {!q}
Miscellaneous
 z - a phantom mirror
 M - a disc of storms
Comestibles
 f - 8 bread rations
 g - a beef jerky
 k - 7 meat rations
 I - 3 fruits
 J - 3 chunks of flesh


   Skills:
 - Level 4.0 Fighting
 - Level 9.0 Short Blades
 - Level 4.0 Armour
 - Level 4.0 Dodging
 - Level 4.0 Stealth
 - Level 4.0 Shields
 + Level 14.5 Evocations


You couldn't memorise any spells.
You knew the following spells:

 Your Spells              Type           Power        Failure   Level  Hunger
a - Ozocubu's Armour      Chrm/Ice       #.......     93%         3    ####...
b - Apportation           Tloc           #.........   43%         1    ##.....
c - Passage of Golubria   Tloc           N/A          100%        4    #####..
v - Blink                 Tloc           N/A          63%         2    ###....


Dungeon Overview and Level Annotations

Branches:
Dungeon (11/15)            Temple (1/1) D:7            Lair (0/8) D:10
    Orc: D:9-12

Altars:
Ashenzari
Cheibriados
Dithmenos
Elyvilon
Fedhas
Gozag
Kikubaaqudgha
Makhleb
Nemelex Xobeh
Okawaru
Pakellas
Qazlal
Ru
Sif Muna
Trog
Vehumet
Xom
Yredelemnul
Zin
The Shining One

Shops:
D:4 [   D:5 (   D:10 %

Annotations:
D:11 Harold, Urug


Innate Abilities, Weirdness & Mutations

You are partially covered in yellow scales (AC +2).
You are resistant to electric shocks.
Your spells are a little harder to cast, but a little more powerful.


Message History

You hit Urug.
Urug is moderately wounded.
You barely miss Urug.
Urug is moderately wounded.
You closely miss Urug.
Urug is moderately wounded.
You hit Urug but do no damage.
Urug is moderately wounded.
Urug drinks a potion.
Urug seems to grow stronger.
You hit Urug but do no damage.
Urug is moderately wounded.
You hit Urug but do no damage.
Urug is moderately wounded.
You closely miss Urug.
Urug is moderately wounded.
You hit Urug but do no damage.
Urug is moderately wounded.
You puncture Urug!
Urug is heavily wounded.
Urug hits you with a battleaxe of freezing!
Urug freezes you.
You puncture Urug!
Urug is heavily wounded.
You closely miss Urug.
Urug is heavily wounded.
You hit Urug but do no damage.
Urug is heavily wounded.
You hit Urug but do no damage.
Urug is heavily wounded.
You hit Urug.
Urug is heavily wounded.
You hit Urug.
Urug is heavily wounded.
Urug hits you with a battleaxe of freezing!!
* * * LOW HITPOINT WARNING * * *
Urug freezes you!
* * * LOW HITPOINT WARNING * * *
You are too injured to fight recklessly!
You hit Urug but do no damage.
Urug is heavily wounded.
You are too injured to fight recklessly!
You puncture Urug!
Urug is severely wounded.
Unknown command.
Drink which item? (? for menu, Esc to quit)
Okay, then.
Read which item? (? for menu, Esc to quit)
Okay, then.
Evoke which item? (* to show all) (? for menu, Esc to quit)
Zapping:
a - a wand of acid (7/15)
Press: ? - help, Shift-Dir - straight line, f/p - Urug
Aim: Urug, wielding a battleaxe of freezing and wearing a chain mail (severely wounded, slow, unusually strong)
The bolt of acid hits Urug.
The acid corrodes Urug!
Urug is almost dead.
This wand has 6 charges left.
Evoke which item? (* to show all) (? for menu, Esc to quit)
Zapping:
a - a wand of acid (6/15)
Press: ? - help, Shift-Dir - straight line, f/p - Urug
Aim: Urug, wielding a battleaxe of freezing and wearing a chain mail (almost dead, slow, unusually strong, covered in acid)
The bolt of acid misses Urug.
This wand has 5 charges left.
Urug squints and screams, "A harpy?
Time to die, you blasted buzzard!"
Urug hits you with a battleaxe of freezing!!
You die...
Pakellas says: Time to find a new assistant...

..#.....#.....##....##...........
..#.....#.....##....##..........%
..#.....#.....##....##...........
..#....<#.....##....##...........
..#....##.....##....##...........
..'....##.....##....###'#####...#
..#....##.....##....#......##...#
..#....##.....##o...#......#....)
#.#............#@...#......#.....
#)#............#....#......#.....
#.#######......((...#......#.....
#.......#.....#######......#.....
........#.....#........##..#.....
........#.....#.####...##..#.....
#.......#######........##..#.....
#..####.#######............#.....
#..####.#.....#............#


You could see Urug.

Vanquished Creatures
  A salamander stormcaller (D:10)
  2 unseen horrors
  A hill giant (D:9)
  Maurice (D:11)
  An elephant (D:10)
  The ghost of Amnesiac the Apprentice, a novice DEFi of Pakellas (D:6)
  The ghost of Amnesiac the Slicer, a novice DEFi of Gozag (D:8)
  4 trolls
  2 two-headed ogres (D:10)
  2 yaks (D:10)
  A spriggan (D:7)
  A wraith (D:10)
  2 hippogriffs
  Grum (D:8)
  A steam dragon (D:7)
  Edmund (D:5)
  2 water moccasins
  3 black bears
  A sky beast (D:5)
  3 orc warriors (D:8)
  3 ice beasts
  4 ogres
  A necrophage (D:9)
  A phantom (D:7)
  2 wolves (D:8)
  3 centaurs
  A big kobold (D:7)
  6 giant frogs
  2 water moccasin zombies
  5 scorpions
  3 killer bees (D:9)
  A howler monkey (D:8)
  2 electric eels
  2 crimson imps
  A quasit (D:6)
  2 centaur skeletons
  9 hounds
  7 orc priests
  Crazy Yiuf (D:5)
  3 jellies
  A giant frog skeleton (D:9)
  3 iguanas
  16 orc wizards
  10 worker ants
  2 sheep (D:10)
  A killer bee zombie (D:11)
  A hound skeleton (D:8)
  A howler monkey zombie (D:10)
  A worker ant zombie (D:10)
  4 gnolls
  A howler monkey skeleton (D:8)
  10 adders
  2 shadow imps
  An adder zombie (D:7)
  An adder skeleton (D:6)
  2 worms
  3 dart slugs
  6 giant geckos
  35 orcs
  4 ball pythons
  6 giant cockroaches
  6 goblins
  6 hobgoblins
  12 jackals
  3 quokkas
  3 bats
  5 giant newts
  A jackal zombie (D:5)
  5 kobolds
  2 quokka zombies
  5 rats
250 creatures vanquished.

Notes
Turn   | Place    | Note
--------------------------------------------------------------
     0 | D:1      | Amnesiac the Deep Elf Fighter began the quest for the Orb.
     0 | D:1      | Reached XP level 1. HP: 13/13 MP: 3/3
    78 | D:1      | Reached skill level 1 in Dodging
   256 | D:1      | Reached XP level 2. HP: 18/18 MP: 4/4
   911 | D:2      | Reached XP level 3. HP: 22/22 MP: 5/5
  1209 | D:2      | Found a sacrificial altar of Ru.
  1323 | D:2      | Found a bloodstained altar of Trog.
  1838 | D:3      | Reached XP level 4. HP: 27/27 MP: 6/6
  2208 | D:3      | Reached XP level 5. HP: 31/32 MP: 7/7
  2748 | D:4      | Reached skill level 1 in Stealth
  2751 | D:4      | Gained mutation: You are partially covered in yellow scales (AC +2). [potion of mutation]
  2751 | D:4      | Gained mutation: You are resistant to electric shocks. [potion of mutation]
  2751 | D:4      | Gained mutation: Your spells are a little harder to cast, but a little more powerful. [potion of mutation]
  2790 | D:4      | Reached XP level 6. HP: 6/37 MP: 8/8
  3279 | D:4      | Found Hagifel's Antique Armour Shop.
  3595 | D:4      | Found a shadowy altar of Dithmenos.
  3827 | D:4      | Found a white marble altar of Elyvilon.
  4012 | D:5      | Entered Level 5 of the Dungeon
  4021 | D:5      | Found a glowing golden altar of the Shining One.
  4022 | D:5      | Found a glowing silver altar of Zin.
  4023 | D:5      | Got an obsidian-encrusted leather armour
  4024 | D:5      | Found a white marble altar of Elyvilon.
  4037 | D:5      | Identified the +3 leather armour of the Louse {MP+9 Stlth+} (You found it on level 5 of the Dungeon)
  4115 | D:5      | Noticed Edmund
  4126 | D:5      | Killed Edmund
  4126 | D:5      | Reached XP level 7. HP: 27/43 MP: 9/9
  4232 | D:5      | Found Wyatziy's Antique Weapon Emporium.
  4506 | D:5      | Noticed Crazy Yiuf
  4627 | D:5      | Reached skill level 5 in Short Blades
  5227 | D:5      | Reached XP level 8. HP: 39/48 MP: 10/10
  5280 | D:5      | Killed Crazy Yiuf
  5367 | D:6      | Found an ancient bone altar of Kikubaaqudgha.
  5367 | D:6      | Found an oddly glowing altar of Pakellas.
  5371 | D:6      | Became a worshipper of Pakellas the Inventive
  5488 | D:6      | Noticed Amnesiac's ghost (novice DEFi)
  5528 | D:6      | Killed Amnesiac's ghost
  5550 | D:6      | You fall through a shaft!
  5624 | D:6      | Noticed a troll
  5804 | D:7      | Found a staircase to the Ecumenical Temple.
  5823 | Temple   | Entered the Ecumenical Temple
  6180 | D:6      | Reached * piety under Pakellas
  6180 | D:6      | Received a gift from Pakellas
  6203 | D:5      | Found a shattered altar of Ashenzari.
  6363 | D:6      | Killed a troll
  6363 | D:6      | Reached XP level 9. HP: 22/52 MP: 11/11
  6642 | D:6      | Reached skill level 1 in Evocations
  6769 | D:6      | Reached skill level 2 in Evocations
  6871 | D:6      | Reached skill level 3 in Evocations
  7108 | D:6      | Reached skill level 4 in Evocations
  7126 | D:6      | Learned a level 3 spell: Ozocubu's Armour
  7587 | D:7      | Reached skill level 5 in Evocations
  7836 | D:8      | Reached skill level 6 in Evocations
  8432 | D:8      | Reached skill level 7 in Evocations
  8533 | D:8      | Noticed Grum
  8586 | D:8      | Reached skill level 8 in Evocations
  8617 | D:8      | Killed Grum
  8617 | D:8      | Reached ** piety under Pakellas
  8617 | D:8      | Received a gift from Pakellas
  8768 | D:8      | Noticed Amnesiac's ghost (novice DEFi)
  8930 | D:8      | Killed Amnesiac's ghost
  8930 | D:8      | Reached skill level 9 in Evocations
  8930 | D:8      | Reached XP level 10. HP: 18/56 MP: 18/18
  9644 | D:8      | Reached skill level 10 in Evocations
  9965 | D:5      | Bought a glowing quick blade for 420 gold pieces
 10653 | D:8      | Reached *** piety under Pakellas
 10653 | D:8      | Received a gift from Pakellas
 10803 | D:9      | Noticed a hill giant
 11163 | D:9      | Killed a hill giant
 11163 | D:9      | Reached skill level 11 in Evocations
 11361 | D:9      | Reached skill level 12 in Evocations
 11623 | D:9      | Killed an unseen horror
 11768 | D:10     | Entered Level 10 of the Dungeon
 11866 | D:10     | Noticed a salamander stormcaller
 12105 | D:10     | Reached XP level 11. HP: 37/61 MP: 22/22
 12130 | D:10     | Found a staircase to the Lair.
 12179 | D:10     | Reached **** piety under Pakellas
 12179 | D:10     | Received a gift from Pakellas
 12179 | D:10     | Reached skill level 13 in Evocations
 12251 | D:10     | Learned a level 1 spell: Apportation
 12254 | D:10     | Learned a level 2 spell: Blink
 12260 | D:10     | Learned a level 4 spell: Passage of Golubria
 12448 | D:10     | Found Con Kul's Food Shoppe.
 12768 | D:11     | Noticed Harold
 12771 | D:11     | Noticed Maurice
 12787 | D:11     | Killed Maurice
 12798 | D:11     | Noticed a red ugly thing
 12852 | D:11     | Killed an unseen horror
 12992 | D:11     | Reached skill level 14 in Evocations
 13033 | D:10     | Killed a salamander stormcaller
 13285 | D:11     | Noticed Urug
 13322 | D:11     | Mangled by Urug

Skill      XL: |  1  2  3  4  5  6  7  8  9 10 11 |
---------------+----------------------------------+-----
Dodging        | 2 3 4 |  4.0
Fighting       | 3 4 |  4.0
Armour         | 3 4 |  4.0
Shields        | 3 4 |  4.0
Stealth        | 1 3 4 |  4.0
Short Blades   | 5 9 |  9.0
Evocations     | 9 12 14 | 14.5

Action                   |  1- 3 |  4- 6 |  7- 9 | 10-12 || total
-------------------------+-------+-------+-------+-------++-------
Melee: Rapier            |    18 |    10 |    20 |       ||    48
       Short sword       |     5 |    79 |       |       ||    84
       Dagger            |       |    95 |   776 |   185 ||  1056
       Quick blade       |       |       |       |   341 ||   341
 Fire: Hunting sling     |   137 |       |       |       ||   137
Invok: Quick Charge      |       |       |       |     1 ||     1
Evoke: Wand              |       |       |    21 |    23 ||    44
  Use: Potion            |       |     3 |     3 |     3 ||     9
       Scroll            |       |     8 |     6 |     6 ||    20
 Stab: Sleeping          |       |     2 |    13 |     8 ||    23
       Distracted        |       |       |     1 |     1 ||     2
  Eat: Chunk             |     2 |     8 |    16 |    14 ||    40
Armor: Chain mail        |    33 |    66 |       |       ||    99
       Scale mail        |     2 |       |       |       ||     2
       Skin              |       |     2 |    23 |       ||    25
       Plate armour      |       |    11 |       |       ||    11
       Leather armour    |       |     1 |   209 |    77 ||   287
Dodge: Dodged            |    11 |    28 |   224 |   231 ||   494
Block: Shield            |    42 |    55 |   168 |       ||   265
       Buckler           |       |       |    30 |    51 ||    81
